 BcadrenCrawl: Boulder Brew version 0.06-249-g3c0b566573 (webtiles) character file.

Game seed: 13831118271770349239, levelgen mode: deterministic

11115 gruber the Gelid (level 11, -9/54 HPs) Deep Elf Ice Elementalist. Began on Aug 17, 2022. Was a Priest of Vehumet. Mangled by a brown ugly thing (11 damage) ... on level 6 of the Dungeon on Aug 18, 2022. The game lasted 00:33:26 (7593 turns).

gruber the Gelid (Deep Elf Ice Elementalist)        Turns: 7593, Time: 00:33:27

Health: -9/54      AC: 13    Str:  5    XL:     11 ^: 5969
Magic:  2/32       EV: 16    Int: 32    God:    Vehumet [3* [83]]
Gold:   716        SH: 10    Dex: 15    Spells: 10/24 levels left

rFire    + . .     Slash    x   t - +9 staff of cold
rCold    + . .     Pierce   .   j - +2 buckler {AC+3}
rNeg     . . .     Bludgeon .   v - +2 leather armour {rF+}
rCorr    . . .     Vision   .   e - +2 hood of the Assassin {Detection Stab+ Stlth++}
rPois    .         Gourm    .   n - scarf {cloud immunity}
rElec    .         Faith    .   (no gloves)
MR       +....     Spirit   .   x - +2 pair of boots
HPRegen  0.28/turn Reflect  +   k - amulet of reflection
MPRegen  0.42/turn Harm     .   d - ring of intelligence
Stlth    ++++......             l - ring of Bouridd {MP+9 Int+3}

@: no status effects
A: sense surroundings, soft flesh
a: Renounce Religion


You were on level 6 of the Dungeon.
You worshipped Vehumet.
Vehumet was most pleased with you.
You were not hungry.

You visited 2 branches of the dungeon, and saw 7 of its levels.

You collected 716 gold pieces.

Inventory:

Shields
 j - a +2 buckler of protection (shield)
Armour
 e - the +2 hood of the Assassin (worn) {Detection Stab+ Stlth++}
   (You acquired it on level 1 of the Dungeon)

   It makes you much more stealthy.
 n - a scarf of cloud immunity (worn)
 v - a +2 leather armour of fire resistance (worn)
 x - a +2 pair of boots (worn)
 B - a +2 helmet of improved vision
Magical Staves
 t - a +9 staff of cold (weapon)
Jewellery
 d - a ring of intelligence (left hand)
 k - an amulet of reflection (around neck)
 l - the ring of Bouridd (right hand) {MP+9 Int+3}
   (You took it off a big kobold on level 6 of the Dungeon)

   [ring of magical power]

   It affects your intelligence (+3).
   It affects your magic capacity (+9).
 p - an uncursed ring of ice
 s - an uncursed ring of intelligence
 L - an uncursed amulet of chaos
Wands
 a - a wand of disintegration (15)
 g - a wand of enslavement (7)
 y - a wand of random effects (12)
 z - a wand of flame (45)
 F - a wand of iceblast (1)
 K - a wand of acid (1)
Scrolls
 i - 4 scrolls of enchantment
 m - a scroll of holy word
 u - 2 scrolls of summoning
 A - 2 scrolls of fear
 G - a scroll of fog
 I - a scroll of magic mapping
Potions
 b - a potion of amnesia
 f - 2 potions of heal wounds
 h - 4 potions of curing
 o - 2 potions of cure mutation
 q - 5 potions of brilliance
 r - 4 potions of haste
 w - 2 potions of cancellation
Comestibles
 c - 17 rations


   Skills:
 - Level 3.9 Maces & Staves
 - Level 4.0 Armour
 - Level 7.1 Dodging
 * Level 4.2 Stealth
 - Level 4.2 Shields
 - Level 7.0 Spellcasting
 - Level 0.2 Charms
 - Level 1.4 Summonings
 - Level 15.0 Ice Magic


You had 10 spell levels left.
You knew the following spells:

 Your Spells              Type           Power        Failure   Level  Hunger
a - Freeze                Ice            25 (25)      0%          1    0
b - Throw Frost           Ice            50 (50)      0%          2    0
c - Ozocubu's Armour      Chrm/Ice       100 (100)    1%          3    0
d - Hailstorm Ice 100 (100) 1% 4 0-76 e - Throw Icicle Ice 100 (100) 1% 4 0-76 f - Summon Ice Beast Ice/Summ       100 (100)    1%          4    0-76

Your spell library contained the following spells:

 Spells                   Type           Power        Failure   Level  Hunger
 Foxfire                  Fire           11 (25)      1%          1    0
 Sandblast                Erth           11 (50)      1%          1    0
 Ensorcelled Hibernation  Hex/Ice        50 (50)      1%          2    0
 Summon Butterflies       Summ           20 (100)     2%          1    0
 Magic Candle             Hex/Fire       11 (90)      4%          1    0
 Slow                     Hex            11 (100)     4%          1    0
 Blinding Spray           Hex/Pois       11 (50)      4%          3    0
 Inner Flame              Hex/Fire       11 (100)     4%          3    0
 Stone Arrow              Erth           11 (50)      4%          3    0
 Call Canine Familiar     Summ           20 (100)     9%          3    0
 Portal Projectile        Chrm/Tloc      12 (50)      14%         3    0
 Fulminant Prism Hex 11 (200) 14% 4 0-76 Confuse Hex            11 (100)     16%         3    0
 Tukima's Dance           Hex            11 (100)     16%         3    0
 Cause Fear Hex 11 (200) 45% 4 0-76 Leda's Liquefaction Tmut/Erth 11 (200) 45% 4 0-76 Summon Mana Viper Summ/Pois 15 (100) 71% 5 96-256 Summon Spider Mount Summ/Pois      15 (200)     71%         5    96-256


Dungeon Overview and Level Annotations

Branches:
Dungeon (6/8)              Temple (1/1) D:4            Lair (0/6) D:5
    Orc (0/2) D:6

Altars:
Cheibriados
Dithmenos
Fedhas Madash
Gozag Ym Sagoz
Hepliaklqana
Kikubaaqudgha
Makhleb
Nemelex Xobeh
Okawaru
Qazlal
Ru
Sif Muna
Trog
Vehumet
Xom
Yredelemnul
Zin
The Shining One

Shops:
D:5 !


Innate Abilities, Weirdness & Mutations

Your soft flesh is weak to deep cuts.
Heavy manmade armour will nullify this weakness. (rSlashing-)
You passively map the area around you.


Message History

The shard of ice misses the brown ugly thing.
The cyan ugly thing engulfs you but does no damage.
The brown ugly thing engulfs you but does no damage.
Unknown command.
Unknown command.
Unknown command.
Casting: Throw Icicle (safe; 1% risk of failure)
Confirm with . or Enter, or press ? or * to list all spells.
Aiming: Throw Icicle (safe; 1% risk of failure)
Press: ? - help, Shift-Dir - straight line, f - cyan ugly thing, p - brown ugly thing
Aim: a cyan ugly thing (50% to-hit, severely wounded (20/64), 81% (Melee))
You feel a surge of power!
The shard of ice hits the cyan ugly thing (19)!!
The cyan ugly thing is almost dead. (1/64) HP The cyan ugly thing engulfs you (4).
* * * LOW HITPOINT WARNING * * *
The cyan ugly thing shocks you (12)!
* * * LOW HITPOINT WARNING * * *
The brown ugly thing engulfs you (11)!
You die...

*
*#+##.......#..............
,
...'.......#..............
*, ,
,...#.......#..............
#.......##########..... ,,
, ,,
#...................... ,
,,,
,#...................... *
, #...................... ,
#.....................>
#.....@..#########..... , ,
#....uu..# ........ ,
#........# ,, #........ , *
#.....u..# , +........
,#........# ,#........ , ,
,#........#,, #........ ,
,, #..).....# ......#. , ,
, #...o..... ,.......# ,
,#.......... , ,......#


You could see 3 ugly things and an orc wizard.

Vanquished Creatures
  An unseen horror (D:5)
  A two-headed ogre (D:5)
  Nergalle (D:5)
  Pikel (D:5)
  Joseph (D:4)
  Maurice (D:4)
  A cyclops (D:5)
  2 wyverns (D:5)
  Eustachio (D:3)
  7 yaks
  5 bone scorpions
  A phantom (D:6)
  A necrophage (D:5)
  3 orc warriors
  2 porcupines
  2 scorpions (D:4)
  2 sky beasts (D:5)
  2 ice beasts
  An eye of draining (D:6)
  A black bear (D:4)
  4 ogres
  4 big kobolds
  4 crocodiles
  A meliai zombie (D:4)
  2 centaurs
  3 howler monkeys
  2 killer bees (D:5)
  A quasit (D:5)
  A hornet zombie (D:4)
  4 orc priests
  5 hounds
  5 jellies
  An iguana (D:5)
  4 orc wizards
  5 worker ants
  A water moccasin skeleton (D:5)
  3 wyvern skeletons
  10 giant cockroaches
  A boggart skeleton (D:4)
  9 adders
  A gwybwca (D:4)
  17 sewer rats
  4 worms
  10 cinder newts
  7 bullfrogs
  3 oozes (D:2)
  2 dart slugs
  8 leopard geckos
  11 orcs
  An adder zombie (D:5)
  5 ball pythons
  A cinder newt skeleton (D:2)
  4 hobgoblins (D:1)
  2 quokkas (D:3)
  7 bats
  3 goblins (D:1)
  A jackal skeleton (D:2)
  13 kobolds
  A leopard gecko skeleton (D:2)
  A quokka skeleton (D:3)
  9 rats (D:1)
  A rat skeleton (D:2)
  2 slaves (D:5)
  2 slimeheads (D:2)
  5 withered plants (D:2)
228 creatures vanquished.

Vanquished Creatures (collateral kills)
  A hydra (D:5)
  A centaur warrior (D:5)
  A rock worm (D:5)
  A queen bee (D:5)
  A cyclops (D:5)
  A hippogriff (D:5)
  4 yaks (D:5)
  Menkaure (D:2)
  A water moccasin (D:5)
  An ogre (D:5)
  A crocodile (D:2)
  2 big kobolds
  A meliai zombie (D:4)
  3 howler monkeys (D:5)
  11 killer bees (D:5)
  A hound (D:5)
  4 jellies
  A hornet simulacrum (D:5)
  A wyvern zombie (D:4)
  A wyvern skeleton (D:4)
  An adder (D:4)
  7 sewer rats (D:2)
  3 cinder newts (D:2)
  3 worms (D:2)
  A bullfrog (D:5)
  2 leopard geckos (D:2)
  4 orcs (D:5)
  2 adder skeletons (D:5)
  2 kobolds (D:2)
  A ball python (D:2)
  A kobold skeleton (D:2)
  A quokka skeleton (D:5)
  A rat (D:2)
  A butterfly (D:4)
  A giant blowfly (D:2)
70 creatures vanquished.

Vanquished Creatures (others)
  A cyclops (D:6)
  A jelly (D:2)
  2 giant cockroaches (D:2)
  An adder (D:5)
  2 sewer rats (D:2)
  2 leopard geckos (D:2)
  2 ball pythons (D:2)
  2 bats (D:2)
  A bat skeleton (D:2)
  14 kobolds
  3 giant blowflies
  2 slaves (D:5)
  A slimehead (D:2)
  166 withered plants (D:2)
200 creatures vanquished.

Grand Total: 498 creatures vanquished

Notes
Turn   | Place    | Note
-------+----------+-------------------------------------------
     0 | D:1      | gruber the Deep Elf Ice Elementalist began the quest for
                  | the Orb.
     0 | D:1      | Reached XP level 1. HP: 10/10 MP: 6/6
    38 | D:1      | Identified a scroll of acquirement
    47 | D:1      | Identified the Catalogue of Creative Enchantment (You
                  | acquired it on level 1 of the Dungeon)
    48 | D:1      | Found the +2 hood of the Assassin {Detection Stab+ Stlth++}
   180 | D:1      | Reached XP level 2. HP: 15/15 MP: 5/8
   192 | D:1      | Reached skill level 4 in Ice Magic
   209 | D:1      | Learned a level 2 spell: Throw Frost
   213 | D:1      | Learned a level 3 spell: Ozocubu's Armour
   294 | D:1      | Reached XP level 3. HP: 19/19 MP: 5/10
   518 | D:1      | Reached skill level 5 in Ice Magic
   518 | D:1      | Reached XP level 4. HP: 24/24 MP: 7/12
   815 | D:1      | Reached XP level 5. HP: 28/28 MP: 10/13
  1040 | D:1      | Learned a level 4 spell: Hailstorm
  1118 | D:2      | Found an opulent altar of Gozag.
  1222 | D:2      | Reached skill level 5 in Spellcasting
  1222 | D:2      | Reached skill level 6 in Ice Magic
  1349 | D:2      | Reached XP level 6. HP: 18/32 MP: 12/16
  1374 | D:2      | Noticed Menkaure
  1460 | D:2      | Learned a level 4 spell: Throw Icicle
  1465 | D:2      | Learned a level 4 spell: Summon Ice Beast
  1519 | D:2      | Killed Menkaure
  1616 | D:2      | Reached skill level 7 in Ice Magic
  1915 | D:2      | Reached XP level 7. HP: 36/36 MP: 11/18
  2131 | D:2      | Reached skill level 8 in Ice Magic
  2448 | D:2      | Reached skill level 9 in Ice Magic
  2512 | D:2      | Reached XP level 8. HP: 30/41 MP: 20/20
  2523 | D:2      | Identified the amulet of Guejess {Harm *Drain rF- rC- MP+9
                  | Dex+9} (You acquired it on level 2 of the Dungeon)
  2591 | D:2      | Reached skill level 1 in Maces & Staves
  2692 | D:2      | Found a hazy altar of Hepliaklqana.
  3260 | D:3      | Noticed Eustachio
  3266 | D:3      | Killed Eustachio
  3417 | D:3      | Reached skill level 1 in Armour
  3545 | D:3      | Reached skill level 1 in Shields
  3946 | D:4      | Noticed Joseph
  4082 | D:4      | Found a staircase to the Ecumenical Temple.
  4096 | D:5      | Connectivity tunneler affected minivault_12.
  4096 | Temple   | Entered the Ecumenical Temple
  4127 | Temple   | Became a worshipper of Vehumet
  4178 | D:4      | Reached XP level 9. HP: 45/45 MP: 17/21
  4218 | D:4      | Noticed Maurice
  4222 | D:4      | Killed Maurice
  4304 | D:4      | Found a bloodstained altar of Trog.
  4305 | D:4      | Found a burning altar of Makhleb.
  4318 | D:4      | Found a glowing golden altar of the Shining One.
  4769 | D:4      | Reached skill level 10 in Ice Magic
  5267 | D:4      | Killed Joseph
  5281 | D:5      | Entered Level 5 of the Dungeon
  5281 | D:5      | Found Tozui's Distillery.
  5285 | D:5      | Noticed Nergalle
  5301 | D:4      | Reached * piety under Vehumet
  5301 | D:4      | Offered knowledge of Foxfire by Vehumet.
  5363 | D:5      | Noticed a rock worm
  5371 | D:4      | Reached skill level 11 in Ice Magic
  5655 | D:5      | Reached XP level 10. HP: 50/50 MP: 13/22
  5792 | D:5      | Killed Nergalle
  5792 | D:5      | Reached skill level 12 in Ice Magic
  5816 | D:5      | Killed a rock worm
  5903 | D:4      | Reached skill level 13 in Ice Magic
  6016 | D:5      | Noticed Pikel
  6019 | D:5      | Killed Pikel
  6027 | D:4      | Identified the ring of Winter {Fire -Vis rElec MP+9 Dex+2}
                  | (You took it off an orc wizard on level 4 of the Dungeon)
  6186 | D:5      | Noticed a two-headed ogre
  6198 | D:5      | Killed a two-headed ogre
  6239 | D:5      | Reached skill level 14 in Ice Magic
  6240 | D:5      | Offered knowledge of Sandblast by Vehumet.
  6246 | D:5      | Reached ** piety under Vehumet
  6401 | D:5      | Reached XP level 11. HP: 49/54 MP: 5/23
  6521 | D:5      | Noticed a four-headed hydra
  6528 | D:5      | Killed a four-headed hydra
  6571 | D:5      | Offered knowledge of Stone Arrow by Vehumet.
  6577 | D:5      | Reached skill level 15 in Ice Magic
  6794 | D:5      | Noticed an unseen horror
  6811 | D:5      | Killed an unseen horror
  6811 | D:5      | Reached skill level 5 in Dodging
  6850 | D:5      | Gained mutation: You passively map the area around you.
                  | [potion of mutation]
  6908 | D:5      | Found a staircase to the Lair.
  7015 | D:5      | Found a sacrificial altar of Ru.
  7140 | D:5      | Found an iron altar of Okawaru.
  7198 | D:6      | Identified the ring of Bouridd {MP+9 Int+3}
  7207 | D:6      | Reached *** piety under Vehumet
  7337 | D:6      | Found a staircase to the Orcish Mines.
  7593 | D:6      | HP: 2/54 [cyan ugly thing (12)]
  7593 | D:6      | Mangled by a brown ugly thing

Levels and vault maps discovered:
D:1:      wheals_arrival_linesprint, layout_loops_ring, first_ration,
          kennysheep_crisscross, kennysheep_generic_room_9, portal_sewer_entry_d
D:2:      layout_sewer, marbit_many_paths, overflow_temple_1_default,
          uniq_menkaure
D:3:      layout_cave_pods, uniq_eustachio
D:4:      layout_roguey, kennysheep_mini, gammafunk_temple_overflow_statue,
          minmay_temple_entry_slanted, uniq_maurice, uniq_joseph
D:5:      layout_cave_pools, kennysheep_little_box,
          lemuel_coloured_pillars_altar, lair_entry_dummy, serial_shops, shop,
          david_nohive_1, minivault_12, uniq_pikel, uniq_nergalle
D:6:      layout_grid_maze, david_orc_3
Temple:   minmay_temple_bridge_abc

Skill      XL: |  1  2  3  4  5  6  7  8  9 10 11 |
---------------+----------------------------------+-----
Ice Magic      | 4 5 6 7 9 11 14 15 | 15.0
Spellcasting   | 4 5 6 7 |  7.0
Maces & Staves | 3 |  3.9
Stealth        | 3 4 |  4.2
Armour         | 3 4 |  4.0
Shields        | 2 4 |  4.2
Dodging        | 7 |  7.1
Charms         | |  0.2
Summonings     | |  1.4

Action                   |  1- 3 |  4- 6 |  7- 9 | 10-12 || total
-------------------------+-------+-------+-------+-------++-------
Melee: Unarmed           |     2 |    15 |    25 |       ||    42
       Dagger            |       |    21 |    27 |       ||    48
       Staff             |       |       |    20 |     9 ||    29
Throw: Stone             |       |       |       |     2 ||     2
 Cast: Freeze            |    28 |    44 |    32 |    31 ||   135
       Throw Frost       |    13 |    35 |    28 |    26 ||   102
       Ozocubu's Armour  |       |     2 |     2 |       ||     4
       Summon Ice Beast  |       |    12 |    38 |    28 ||    78
       Hailstorm         |       |       |    26 |    12 ||    38
       Throw Icicle      |       |       |    36 |    58 ||    94
Evoke: Wand              |       |       |       |     1 ||     1
  Use: Scroll            |     1 |       |     2 |     1 ||     4
       Potion            |       |       |       |     1 ||     1
 Stab: Sleeping          |       |       |     4 |       ||     4
  Eat: Chunk             |       |     5 |    18 |    10 ||    33
Armor: Robe              |     4 |    11 |     8 |       ||    23
       Leather armour    |       |       |    17 |    37 ||    54
Dodge: Dodged            |     7 |     9 |    25 |    10 ||    51
Block: Other             |     1 |     8 |     7 |       ||    16
       Buckler           |       |       |    23 |    30 ||    53
       Reflection        |       |       |     1 |     6 ||     7
